ORI
LOUISIANA STATE UNIVERSITY TIGERS @ UNIVERSITY OF ALABAMA CRIMSON TIDE
07/18/2044
 
TOP OF THE 1ST
Louisiana State University Tigers batting - Pitching for University of Alabama Crimson Tide : RHP Jun Yamashita
Pitching: RHP Jun Yamashita
Batting: SHB Emmet Brickowski 0-0: Ball
1-0: Swinging Strike
1-1: Ball
2-1: SINGLE (Groundball, 4MD, EV 98.1 MPH)
Batting: LHB Bob Govella 0-0: SINGLE (Groundball, 6S, EV 67.5 MPH) (infield hit)
Emmet Brickowski to second
Batting: RHB David Lobacz 0-0: Grounds into double play, 6-4-3 (Groundball, 6, EV 80.0 MPH)
Emmet Brickowski to third
Batting: RHB Edgar Cuesta 0-0: Swinging Strike
0-1: Ball
Balk!
Emmet Brickowski scores
1-1: Fly out, F1 (Line Drive, P, EV 63.8 MPH)
Top of the 1st over - 1 run, 2 hits, 0 errors, 0 left on base; Louisiana State University 1 - University of Alabama 0
BOTTOM OF THE 1ST
University of Alabama Crimson Tide batting - Pitching for Louisiana State University Tigers : RHP Jorge Castaneda
Pitching: RHP Jorge Castaneda
Batting: RHB António Scarlett 0-0: Called Strike
0-1: Bunt missed!
0-2: Reached on error, E5 (Groundball, 56S, EV 73.1 MPH)
Batting: RHB Er Le 0-0: Ball
António Scarlett steals 2nd base (no throw)
1-0: Ball
2-0: Ball
3-0: Base on Balls
Batting: RHB Shura Beschenko 0-0: Called Strike
0-1: SINGLE (Groundball, 6D, EV 105.0 MPH)
António Scarlett to third
Er Le to second
Runner from 3rd tries for Home, throw by CF and OUT! 8-2
Batting: RHB Peter Westover 0-0: Foul Ball, location: 2F
0-1: Ball
1-1: Ball
2-1: Ball
3-1: Called Strike
3-2: Foul Ball, location: 2F
3-2: SINGLE (Groundball, 6MD, EV 98.8 MPH)
Er Le to third
Shura Beschenko to second
Runner from 3rd tries for Home, SAFE, throw by CF to home
Batting: RHB Willie Torres 0-0: Called Strike
0-1: Foul Ball, location: 2F
0-2: Fly out, F8 (Flyball, 8RS, EV 91.2 MPH)
Batting: LHB Jimmy Leslie 0-0: Ball
1-0: Foul Ball, location: 2F
1-1: Swinging Strike
1-2: Strikes out swinging
Bottom of the 1st over - 1 run, 2 hits, 1 error, 2 left on base; Louisiana State University 1 - University of Alabama 1
TOP OF THE 2ND
Louisiana State University Tigers batting - Pitching for University of Alabama Crimson Tide : RHP Jun Yamashita
Batting: SHB Noah Long 0-0: Ball
1-0: DOUBLE (Groundball, 3L, EV 104.4 MPH)
Batting: RHB Andy Marinez 0-0: Ball
1-0: Called Strike
1-1: Swinging Strike
1-2: Foul Ball, location: 2F
1-2: Ball
2-2: SINGLE (Flyball, 8LS, EV 95.6 MPH)
Noah Long to third
Batting: RHB Dennis Cox 0-0: Called Strike
0-1: Swinging Strike
0-2: Foul Ball, location: 2F
0-2: Fielders Choice at 2nd, 6-4 (Groundball, 6, EV 88.1 MPH)
Noah Long scores
Batting: SHB Jose Melendez 0-0: Ball
1-0: Fly out, F7 (Flyball, 7LS, EV 80.0 MPH)
Batting: SHB Eric Pendergast 0-0: Swinging Strike
0-1: Ball
1-1: Foul Ball, location: 2F
1-2: Ground out U3 (Groundball, 34, EV 104.4 MPH)
Top of the 2nd over - 1 run, 2 hits, 0 errors, 1 left on base; Louisiana State University 2 - University of Alabama 1
BOTTOM OF THE 2ND
University of Alabama Crimson Tide batting - Pitching for Louisiana State University Tigers : RHP Jorge Castaneda
Batting: RHB Ray Travis 0-0: Ground out U3 (Groundball, 34, EV 81.2 MPH)
Batting: RHB Lencho Otieno 0-0: Swinging Strike
0-1: Ball
1-1: Ball
2-1: Foul Ball, location: 2F
2-2: Foul Ball, location: 2F
2-2: Strikes out swinging
Batting: RHB Aaron Bateman 0-0: Ground out 4-3 (Groundball, 4, EV 101.9 MPH)
Bottom of the 2nd over - 0 runs, 0 hits, 0 errors, 0 left on base; Louisiana State University 2 - University of Alabama 1
TOP OF THE 3RD
Louisiana State University Tigers batting - Pitching for University of Alabama Crimson Tide : RHP Jun Yamashita
Batting: SHB Emmet Brickowski 0-0: DOUBLE (Line Drive, 7LM, EV 103.8 MPH)
Batting: LHB Bob Govella 0-0: Swinging Strike
0-1: Ball
1-1: Swinging Strike
1-2: Strikes out swinging
Batting: RHB David Lobacz 0-0: Ball
1-0: Hit by Pitch
Batting: RHB Edgar Cuesta 0-0: Called Strike
Emmet Brickowski steals 3rd, throwing error, E2
Emmet Brickowski scores
David Lobacz to third
0-1: Ball
1-1: Ground out 6-3 (Groundball, 6, EV 85.0 MPH)
David Lobacz scores
Batting: SHB Noah Long 0-0: Ball
1-0: Foul Ball, location: 2F
1-1: Ball
2-1: Ball
3-1: Ground out 6-3 (Groundball, 6S, EV 88.8 MPH)
Top of the 3rd over - 2 runs, 1 hit, 1 error, 0 left on base; Louisiana State University 4 - University of Alabama 1
BOTTOM OF THE 3RD
University of Alabama Crimson Tide batting - Pitching for Louisiana State University Tigers : RHP Jorge Castaneda
Batting: RHB António Scarlett 0-0: Bunted foul
0-1: Fly out, F6 (Line Drive, 6, EV 71.2 MPH)
Batting: RHB Er Le 0-0: Ground out 4-3 (Groundball, 4, EV 103.1 MPH)
Batting: RHB Shura Beschenko 0-0: SINGLE (Groundball, 6S, EV 71.9 MPH) (infield hit)
Batting: RHB Peter Westover 0-0: Ball
1-0: Called Strike
1-1: Ball
2-1: Called Strike
2-2: Ball
3-2: Base on Balls
Shura Beschenko to second
Batting: RHB Willie Torres 0-0: Foul Ball, location: 2F
0-1: Ball
1-1: Ball
2-1: Ball
3-1: Called Strike
3-2: Foul Ball, location: 2F
3-2: SINGLE (Groundball, 56D, EV 96.9 MPH)
Shura Beschenko to third
Peter Westover to second
Shura Beschenko scores
Peter Westover to third
Batting: LHB Jimmy Leslie 0-0: Swinging Strike
0-1: Swinging Strike
0-2: Foul Ball, location: 2F
0-2: Ball
1-2: Ball
2-2: Strikes out looking
Bottom of the 3rd over - 1 run, 2 hits, 0 errors, 2 left on base; Louisiana State University 4 - University of Alabama 2
TOP OF THE 4TH
Louisiana State University Tigers batting - Pitching for University of Alabama Crimson Tide : RHP Jun Yamashita
Batting: RHB Andy Marinez 0-0: Hit by Pitch
Batting: RHB Dennis Cox 0-0: Fly out, F6 (Popup, 6M, EV 57.5 MPH)
Batting: SHB Jose Melendez 0-0: Called Strike
0-1: Ball
1-1: Ball
2-1: Foul Ball, location: 2F
2-2: Foul Ball, location: 2F
2-2: Strikes out looking
Batting: SHB Eric Pendergast 0-0: Fly out, F8 (Flyball, 8LD, EV 91.9 MPH)
Top of the 4th over - 0 runs, 0 hits, 0 errors, 1 left on base; Louisiana State University 4 - University of Alabama 2
BOTTOM OF THE 4TH
University of Alabama Crimson Tide batting - Pitching for Louisiana State University Tigers : RHP Jorge Castaneda
Batting: RHB Ray Travis 0-0: Called Strike
0-1: Ball
1-1: Swinging Strike
1-2: Ball
2-2: Strikes out looking
Batting: RHB Lencho Otieno 0-0: Called Strike
0-1: Fly out, F9 (Flyball, 9, EV 91.9 MPH)
Batting: RHB Aaron Bateman 0-0: Foul Ball, location: 2F
0-1: Swinging Strike
0-2: Strikes out looking
Bottom of the 4th over - 0 runs, 0 hits, 0 errors, 0 left on base; Louisiana State University 4 - University of Alabama 2
TOP OF THE 5TH
Louisiana State University Tigers batting - Pitching for University of Alabama Crimson Tide : RHP Jun Yamashita
Pitching: LHP Rogelio Velazquez
Batting: SHB Emmet Brickowski 0-0: SINGLE (Groundball, 6MD, EV 98.8 MPH)
Batting: LHB Bob Govella 0-0: Called Strike
0-1: Ball
1-1: Called Strike
Emmet Brickowski steals 2nd base
1-2: Ball
2-2: Strikes out swinging
Batting: RHB David Lobacz 0-0: Ball
1-0: Called Strike
1-1: Ground out 6-3 (Groundball, 6, EV 103.8 MPH)
Batting: RHB Edgar Cuesta 0-0: Reached on error, E5 (Groundball, 5L, EV 85.6 MPH)
Emmet Brickowski scores
Batting: SHB Noah Long 0-0: Foul Ball, location: 2F
0-1: Fly out, F9 (Flyball, 9LS, EV 83.1 MPH)
Top of the 5th over - 1 run, 1 hit, 1 error, 1 left on base; Louisiana State University 5 - University of Alabama 2
BOTTOM OF THE 5TH
University of Alabama Crimson Tide batting - Pitching for Louisiana State University Tigers : RHP Jorge Castaneda
Pitching: RHP Trofim Nugaev
Batting: RHB António Scarlett 0-0: Ground out 6-3 (Groundball, 6, EV 98.8 MPH)
Batting: RHB Er Le 0-0: Swinging Strike
0-1: Ball
1-1: Foul Ball, location: 2F
1-2: Strikes out swinging
Batting: RHB Shura Beschenko 0-0: Ball
1-0: Foul Ball, location: 2F
1-1: Foul Ball, location: 2F
1-2: Foul Ball, location: 2F
1-2: Fly out, F9 (Flyball, 89S, EV 90.6 MPH)
Bottom of the 5th over - 0 runs, 0 hits, 0 errors, 0 left on base; Louisiana State University 5 - University of Alabama 2
TOP OF THE 6TH
Louisiana State University Tigers batting - Pitching for University of Alabama Crimson Tide : LHP Rogelio Velazquez
Batting: RHB Andy Marinez 0-0: Called Strike
0-1: Swinging Strike
0-2: Foul Ball, location: 2F
0-2: Strikes out looking
Batting: RHB Dennis Cox 0-0: Foul Ball, location: 2F
0-1: Ground out 1-3 (Groundball, 23, EV 71.2 MPH)
Batting: SHB Jose Melendez 0-0: Called Strike
0-1: Ball
1-1: Called Strike
1-2: Ball
2-2: Strikes out swinging
Top of the 6th over - 0 runs, 0 hits, 0 errors, 0 left on base; Louisiana State University 5 - University of Alabama 2
BOTTOM OF THE 6TH
University of Alabama Crimson Tide batting - Pitching for Louisiana State University Tigers : RHP Trofim Nugaev
Pinch Hitting: RHB Harry Dickson 0-0: Ball
1-0: SINGLE (Line Drive, 89M, EV 111.2 MPH)
Batting: RHB Caleb Oake 0-0: Ball
1-0: Called Strike
1-1: Called Strike
1-2: DOUBLE (Line Drive, 8RXD, EV 105.6 MPH)
Harry Dickson to third
Batting: LHB Jimmy Leslie 0-0: Called Strike
0-1: Fly out, F6 (Popup, 15S, EV 90.0 MPH)
Batting: RHB Ray Travis 0-0: Swinging Strike
0-1: Ball
1-1: Foul Ball, location: 2F
1-2: Ball
2-2: Strikes out swinging
Pinch Hitting: SHB Alex Rosario 0-0: Ball
1-0: Ball
2-0: Ball
3-0: Called Strike
3-1: Called Strike
3-2: Strikes out swinging
Bottom of the 6th over - 0 runs, 2 hits, 0 errors, 2 left on base; Louisiana State University 5 - University of Alabama 2
TOP OF THE 7TH
Louisiana State University Tigers batting - Pitching for University of Alabama Crimson Tide : LHP Rogelio Velazquez
Pitching: RHP Roger Whitaker
Now at 3B: Harry Dickson
Now at SS: Chris Cohen
Batting: SHB Eric Pendergast 0-0: Ground out 6-3 (Groundball, 56, EV 100.6 MPH)
Batting: SHB Emmet Brickowski 0-0: Ball
1-0: Ball
2-0: Ground out 5-3 (Groundball, 56, EV 86.2 MPH)
Batting: LHB Bob Govella 0-0: Called Strike
0-1: Ground out 4-3 (Groundball, 4, EV 85.0 MPH)
Top of the 7th over - 0 runs, 0 hits, 0 errors, 0 left on base; Louisiana State University 5 - University of Alabama 2
BOTTOM OF THE 7TH
University of Alabama Crimson Tide batting - Pitching for Louisiana State University Tigers : RHP Trofim Nugaev
Pitching: RHP Melvin Pena
Batting: RHB Aaron Bateman 0-0: Called Strike
0-1: Foul Ball, location: 2F
0-2: Strikes out swinging
Pinch Hitting: SHB Aaron DeMange 0-0: Called Strike
0-1: Foul Ball, location: 2F
0-2: Ball
1-2: Ball
2-2: Strikes out swinging
Pinch Hitting: RHB Tan-ming Kwan 0-0: Called Strike
0-1: Swinging Strike
0-2: Ball
1-2: Foul Ball, location: 2F
1-2: Strikes out swinging
Bottom of the 7th over - 0 runs, 0 hits, 0 errors, 0 left on base; Louisiana State University 5 - University of Alabama 2
TOP OF THE 8TH
Louisiana State University Tigers batting - Pitching for University of Alabama Crimson Tide : RHP Roger Whitaker
Now at 1B: Tan-ming Kwan
Now in CF: Aaron DeMange
Pinch Hitting: RHB Warren Carmichael 0-0: Called Strike
0-1: Foul Ball, location: 2F
0-2: Ball
1-2: Ball
2-2: Foul Ball, location: 2F
2-2: Strikes out looking
Batting: RHB Edgar Cuesta 0-0: Ball
1-0: Fly out, F9 (Flyball, 89S, EV 84.4 MPH)
Batting: LHB Ângelo Schwn 0-0: Fly out, F6 (Line Drive, 6, EV 67.5 MPH)
Top of the 8th over - 0 runs, 0 hits, 0 errors, 0 left on base; Louisiana State University 5 - University of Alabama 2
BOTTOM OF THE 8TH
University of Alabama Crimson Tide batting - Pitching for Louisiana State University Tigers : RHP Melvin Pena
Now at 1B: Elijah Loetzsch
Now at 2B: Edgar Cuesta
Now at SS: Andy Jamison
Pinch Hitting: RHB Jorge Lebron 0-0: Ball
1-0: Ball
2-0: Ball
3-0: Called Strike
3-1: Foul Ball, location: 2F
3-2: Fly out, F9 (Flyball, 9LM, EV 97.5 MPH)
Batting: RHB Harry Dickson 0-0: Ball
1-0: Ground out 6-3 (Groundball, 6, EV 84.4 MPH)
Batting: RHB Caleb Oake 0-0: Ball
1-0: Called Strike
1-1: Ball
2-1: Foul Ball, location: 2F
2-2: Strikes out swinging
Bottom of the 8th over - 0 runs, 0 hits, 0 errors, 0 left on base; Louisiana State University 5 - University of Alabama 2
TOP OF THE 9TH
Louisiana State University Tigers batting - Pitching for University of Alabama Crimson Tide : RHP Roger Whitaker
Now in LF: Jorge Lebron
Batting: RHB Andy Marinez 0-0: Foul Ball, location: 2F
0-1: Foul Ball, location: 2F
0-2: Ball
1-2: Strikes out swinging
Batting: RHB Dennis Cox 0-0: SINGLE (Groundball, 25, EV 71.2 MPH) (infield hit)
Pinch Hitting: RHB Alberto Chavez Pickoff Throw to First - Out! 1-3
0-0: Ball
1-0: SINGLE (Groundball, 6MD, EV 105.0 MPH)
Pinch Hitting: RHB Richard Saquic 0-0: Ball
Wild Pitch!
Alberto Chavez to second
1-0: Called Strike
1-1: Foul Ball, location: 2F
1-2: Fly out, F7 (Flyball, 78M, EV 79.4 MPH)
Top of the 9th over - 0 runs, 2 hits, 0 errors, 1 left on base; Louisiana State University 5 - University of Alabama 2
BOTTOM OF THE 9TH
University of Alabama Crimson Tide batting - Pitching for Louisiana State University Tigers : RHP Melvin Pena
Pitching: LHP Jesus Ortiz
Now at 3B: Flynn Robinson
Now in CF: Francisco Ruiz
Pinch Hitting: LHB Prince Nunley 0-0: Foul Ball, location: 2F
0-1: Fly out, F5 (Popup, 6S, EV 71.2 MPH)
Pinch Hitting: LHB Miguel Ramos 0-0: Ball
1-0: Ball
2-0: Ball
3-0: Called Strike
3-1: Foul Ball, location: 2F
3-2: Fly out, F8 (Flyball, 8RD, EV 103.8 MPH)
Pinch Hitting: RHB Jason Dehoney 0-0: Called Strike
0-1: Ground out 6-3 (Groundball, 6, EV 95.6 MPH)
Bottom of the 9th over - 0 runs, 0 hits, 0 errors, 0 left on base; Louisiana State University 5 - University of Alabama 2
Thursday, March 31st , 2022 - OOTP Baseball 22.12 Build 89